[Event "Team 45 45 League T30"]
[Site "Internet Chess Club"]
[Date "2006.05.02"]
[Round "6"]
[White "Zyme"]
[Black "RD1974"]
[Result "1-0"]
[WhiteElo "1486"]
[BlackElo "1591"]
[TimeControl "2700+45"]

1. d4 Nf6 2. c4 e6 3. Nc3 d5 4. Nf3 Be7 5. Bg5 O-O 6. e3 h6 7. Bh4 b6 8. Rc1 Bb7
9. Bd3 Ne4 10. Bxe7 Qxe7 11. cxd5 exd5 12. O-O c5 13. Re1 Nd7 14. Nd2 Ndf6 15.
Ncxe4 dxe4 16. Bb1 Rac8 17. Qe2 Rfe8 18. dxc5 Rxc5 19. Rxc5 Qxc5 20. Nb3 Qg5 21.
Rc1 Bc8 22. g3 Bg4 23. Qa6 Qh5 24. Nd4 Qh3 25. Qf1 Nd5 26. Qxh3 Bxh3 27. a3 Bc8
28. Ba2 Nf6 29. Rc7 a5 30. Bxf7+ Kf8 31. Bxe8 Kxe8 32. Rxc8+ Kd7 33. Rb8 Kc7 34.
Ra8 Kb7 35. Rf8 Ka6 36. Rf7 Nh5 37. Ne6 a4 38. Nxg7 Nxg7 39. Rxg7 Kb5 40. Rg6 h5
41. Rg5+ Kc4 42. Rxh5 b5 43. Re5 Kb3 44. Rxe4 Kxb2 45. Rb4+ Kxa3 46. Rxb5 Ka2
47. Ra5 a3 48. Rxa3+ Kxa3 49. h4 Kb4 50. h5 Kc5 51. h6 Kd6 52. h7 {Black
resigns} 1-0  aics%

[Event "Team 45 45 League T30"]
[Site "Internet Chess Club"]
[Date "2006.05.01"]
[Round "6"]
[White "MrShaw"]
[Black "tourettes"]
[Result "1/2-1/2"]
[WhiteElo "1722"]
[BlackElo "1724"]
[TimeControl "2700+45"]

1. e4 e6 2. d4 d5 3. e5 c5 4. c3 cxd4 5. cxd4 Nc6 6. Nf3 Qb6 7. Nc3 Nge7 8. Bd3
Bd7 9. Bb1 Ng6 10. O-O Be7 11. Na4 Qc7 12. Be3 b5 13. Nc3 a6 14. a3 O-O 15. b4
Nxb4 16. Qd2 Nc6 17. Ne1 b4 18. axb4 Nxb4 19. Nd3 Nxd3 20. Bxd3 a5 21. Nb5 Bxb5
22. Bxb5 Bb4 23. Qe2 Qb6 24. f4 Ne7 25. Rfc1 Rfc8 26. Bd7 Rc3 27. Rab1 Qc7 28.
Ba4 Nf5 29. Bd2 Nxd4 30. Qf2 Rc4 31. Qxd4 Rxd4 32. Rxc7 Bxd2 33. Bc6 Rf8 34. g3
Bb4 35. Kg2 Rc4 36. h4 Rb8 37. Rb7 Rxb7 38. Bxb7 h5 39. Ba6 Rc2+ 40. Kf3 Rc3+
41. Kg2 d4 42. Rd1 Rc2+ 43. Kf3 Bc3 44. Rb1 Rb2 45. Rxb2 Bxb2 46. Bb5 f5 47.
exf6 gxf6 48. g4 hxg4+ 49. Kxg4 Kg7 50. Kf3 e5 51. Ke4 Kh6 52. fxe5 fxe5 53.
Kxe5 d3+ 54. Kf4 d2 55. Ba4 Kh5 56. Kg3 Bc3 57. Kh3 Kg6 58. Kg4 Kf6 59. Kf4 Bb4
60. Ke4 Bd6 61. Kd3 Bg3 62. Kxd2 Bxh4 63. Kd3 Ke5 64. Kc4 Be1 65. Kb5 Kd4 66.
Bb3 Kd3 67. Ka4 Bb4 68. Bg8 Kc3 69. Be6 Kb2 70. Bf7 Kc3 71. Bc4 Kd4 72. Bf7
{Game drawn by mutual agreement} 1/2-1/2  aics%

[Event "Team 45 45 League T30"]
[Site "Internet Chess Club"]
[Date "2006.04.30"]
[Round "6"]
[White "kingfischer57"]
[Black "Chessnut"]
[Result "0-1"]
[WhiteElo "1752"]
[BlackElo "1954"]
[TimeControl "2700+45"]

1. d4 d5 2. c4 c6 3. Nc3 e6 4. Nf3 Nf6 5. e3 Nbd7 6. Bd3 dxc4 7. Bxc4 b5 8. Bd3
Bb7 9. O-O a6 10. Ne4 c5 11. Nxf6+ Nxf6 12. dxc5 Bxc5 13. b3 O-O 14. Be2 Qc7 15.
Bb2 Rfd8 16. Qc2 Ng4 17. Qc3 f6 18. g3 Qe7 19. Rad1 Rac8 20. Rxd8+ Rxd8 21. Rc1
Rc8 22. Qd3 e5 23. Qf5 Nxe3 24. Qh3 Nd5 25. a3 Bxf2+ 26. Kxf2 Rxc1 27. Bxc1 Qc5+
28. Kg2 Qxc1 29. Qe6+ Kf8 30. Qd6+ Ne7 31. Qd8+ Kf7 32. Qd7 Bxf3+ 33. Bxf3 Qc2+
34. Kh3 Qxb3 35. Bb7 a5 36. Bc6 Qe6+ 37. Qxe6+ Kxe6 38. Bxb5 Kd5 39. Kg4 Kd4 40.
Kf3 e4+ 41. Ke2 f5 42. Bd7 g6 43. Be6 g5 44. h3 f4 45. gxf4 gxf4 46. Bf7 f3+
{White resigns} 0-1  aics%  pichitico21(71): hola a todos aics%

[Event "Team 45 45 League T30"]
[Site "Internet Chess Club"]
[Date "2006.05.01"]
[Round "6"]
[White "burnsja2003"]
[Black "crankn8tr"]
[Result "0-1"]
[WhiteElo "1678"]
[BlackElo "1648"]
[TimeControl "2700+45"]

1. d4 Nf6 2. c4 e6 3. Bg5 d5 4. Nf3 dxc4 5. e3 h6 6. Bxf6 Qxf6 7. Bxc4 Bd6 8.
O-O O-O 9. Nc3 b6 10. Ne4 Qe7 11. Nxd6 Qxd6 12. Be2 Bb7 13. Rc1 Nd7 14. Qc2 c5
15. Rfd1 Qe7 16. dxc5 Nxc5 17. b4 Ne4 18. Qc7 Qxc7 19. Rxc7 Bd5 20. a3 Rfc8 21.
Rdc1 Nd6 22. Nd4 a5 23. Nb5 Rxc7 24. Rxc7 Nxb5 25. Bxb5 axb4 26. Rc1 bxa3 27. h3
a2 28. Ra1 Kf8 29. f3 f5 30. Kf2 Ke7 31. Kg3 Kd6 32. Kf4 Kc5 33. Bd3 Kb4 34. e4
fxe4 35. fxe4 Bb3 36. e5 Rc8 37. Ke3 Ka3 {White resigns} 0-1  aics%

[Event "Team 45 45 League T30"]
[Site "Internet Chess Club"]
[Date "2006.04.30"]
[Round "6"]
[White "Hazy"]
[Black "Knightstorm57"]
[Result "1/2-1/2"]
[WhiteElo "1836"]
[BlackElo "1930"]
[TimeControl "2700+45"]

1. e4 c5 2. Nf3 e6 3. d4 cxd4 4. Nxd4 Nc6 5. Be2 Nf6 6. Nc3 Bb4 7. f3 Bxc3+ 8.
bxc3 O-O 9. O-O h6 10. Ba3 Ne7 11. c4 a6 12. e5 Ne8 13. Bd3 d6 14. exd6 Nxd6 15.
c5 Ndf5 16. Nxf5 Nxf5 17. Bxf5 exf5 18. Rb1 Qa5 19. Bb4 {Game drawn by mutual
agreement} 1/2-1/2  aics%

[Event "Team 45 45 League T30"]
[Site "Internet Chess Club"]
[Date "2006.04.30"]
[Round "6"]
[White "wojozim"]
[Black "dondel"]
[Result "0-1"]
[WhiteElo "1611"]
[BlackElo "1699"]
[TimeControl "2700+45"]

1. e4 e5 2. Bc4 Nf6 3. d3 Nc6 4. Nc3 Bb4 5. Ne2 O-O 6. O-O d6 7. f4 Bc5+ 8. Kh1
Ng4 9. Qe1 Na5 10. Bb3 Nxb3 11. axb3 Bd7 12. Qg3 Re8 13. f5 Nf6 14. Bh6 Nh5 15.
Qg4 g6 16. Bg5 f6 17. Bh6 Ng7 18. Rf3 a5 19. Rh3 Nxf5 20. exf5 Bxf5 21. Qg3 Bxh3
22. Qxh3 d5 23. Bd2 f5 24. Ng1 e4 25. dxe4 dxe4 26. Be1 e3 27. Nce2 c6 28. Bc3
Re4 29. Nf3 a4 30. bxa4 Raxa4 31. Rxa4 Rxa4 32. Qh6 Qe7 33. Ng5 Ra1+ 34. Ng1
Rxg1+ 35. Kxg1 e2+ {White resigns} 0-1  aics%

[Event "Team 45 45 League T30"]
[Site "Internet Chess Club"]
[Date "2006.04.27"]
[Round "6"]
[White "qs16"]
[Black "boozehound"]
[Result "1/2-1/2"]
[WhiteElo "1790"]
[BlackElo "1592"]
[TimeControl "2700+45"]

1. e4 c5 2. Nf3 d6 3. d4 cxd4 4. Nxd4 Nf6 5. Nc3 Nc6 6. Be2 e6 7. Be3 Be7 8. O-O
O-O 9. f4 d5 10. exd5 Nxd5 11. Nxd5 exd5 12. Bd3 Bf6 13. c3 Re8 14. Nxc6 bxc6
15. Bd4 Bxd4+ 16. cxd4 Qb6 17. Kh1 Ba6 18. b3 Re3 19. Rf3 Rae8 20. Rxe3 Rxe3 21.
Bxa6 Qxa6 22. h3 Rd3 23. Qg1 h6 24. Qf1 Qb5 25. Rd1 Rxd1 26. Qxd1 c5 27. Qc1 c4
28. Qc3 a5 29. Kh2 f5 30. Kg3 {Game drawn by mutual agreement} 1/2-1/2  aics%

[Event "Team 45 45 League T30"]
[Site "Internet Chess Club"]
[Date "2006.04.30"]
[Round "6"]
[White "DTK"]
[Black "Sir-Knightly"]
[Result "0-1"]
[WhiteElo "2168"]
[BlackElo "2317"]
[TimeControl "2700+45"]

1. e4 e6 2. d3 d5 3. Qe2 Be7 4. Nf3 c5 5. g3 Nf6 6. Bg2 b5 7. O-O O-O 8. e5 Nfd7
9. Re1 Nc6 10. h4 a5 11. Bf4 a4 12. Nbd2 Ba6 13. Nf1 c4 14. d4 b4 15. c3 a3 16.
bxa3 bxc3 17. Bg5 Bxg5 18. Nxg5 Nxd4 19. Qg4 Qb6 20. Rad1 Nc6 21. Rxd5 exd5 22.
Qxd7 Nxe5 23. Qf5 Ng6 24. Bxd5 Rad8 25. Bxf7+ Kh8 26. Re6 Bc8 27. Qf3 Qb1 28.
Bxg6 Qxg6 29. Rxg6 Rxf3 30. Rc6 Ba6 31. Nxf3 c2 32. Rxa6 c1=Q 33. Kg2 h6 34. Rc6
Ra8 35. Ne3 c3 36. Nd4 Rxa3 37. Ndc2 Qb1 38. Rc4 Qb7+ 39. Kf1 Rxa2 40. Rxc3 Kh7
41. Rc4 Rb2 42. Ke2 Qb5 43. Kf3 Qh5+ 44. Kg2 Rb8 45. Rf4 Rb7 46. Rf5 Qe8 47. Rd5
Rf7 48. Rd2 Qe4+ 49. Kg1 Rb7 50. Rd1 g5 51. hxg5 hxg5 52. Kf1 Kg7 53. Ke2 Kf7
54. Rd4 Qe6 55. Rd5 Qg6 56. Rf5+ Ke8 57. Re5+ Kd7 58. Rd5+ Kc7 59. Rc5+ Kb6 60.
Rf5 Rf7 61. Nc4+ Kc7 62. Rc5+ Kd8 63. Rd5+ Ke8 64. N2e3 Re7 65. Nd6+ Kf8 66. Nf5
Qh5+ 67. Kd2 Ra7 68. g4 Qh2 69. Rd8+ Kf7 70. Ke2 Ra2+ 71. Rd2 Rxd2+ 72. Kxd2
Qxf2+ 73. Kd3 Qf3 74. Kd4 Qf4+ 75. Kd3 Ke6 76. Nd4+ Kf7 77. Ndf5 Qe5 78. Kc4
Qe4+ 79. Kc5 Ke6 80. Nd4+ Ke5 81. Ndf5 Kf4 82. Nd5+ Kxg4 83. Nf6+ Kxf5 84. Nxe4
Kxe4 {White resigns} 0-1  aics%

[Event "Team 45 45 League T30"]
[Site "Internet Chess Club"]
[Date "2006.04.28"]
[Round "6"]
[White "Aubie"]
[Black "ikalel"]
[Result "0-1"]
[WhiteElo "1964"]
[BlackElo "1914"]
[TimeControl "2700+45"]

1. d4 Nf6 2. Nf3 g6 3. c4 c5 4. Nc3 cxd4 5. Nxd4 d5 6. cxd5 Nxd5 7. Bd2 a6 8. e4
Nxc3 9. Bxc3 Bg7 10. Nb5 Bxc3+ 11. Nxc3 O-O 12. a4 Be6 13. Bd3 Qb6 14. Qe2 Nc6
15. Rb1 Rad8 16. O-O Bb3 17. Rfc1 e6 18. e5 Rd4 19. Bc2 Rfd8 20. Bxb3 Qxb3 21.
Qc2 Qb6 22. Ne4 Nxe5 23. h3 f5 24. Nc5 Rc4 25. Qb3 {White resigns} 0-1  aics%

[Event "Team 45 45 League T30"]
[Site "Internet Chess Club"]
[Date "2006.05.01"]
[Round "6"]
[White "camembert"]
[Black "SaltofLife"]
[Result "0-1"]
[WhiteElo "1928"]
[BlackElo "1961"]
[TimeControl "2700+45"]

1. d4 Nf6 2. c4 e6 3. Nc3 Bb4 4. e3 O-O 5. Ne2 Re8 6. a3 Bf8 7. g3 d5 8. Bg2 a5
9. O-O c6 10. c5 b6 11. cxb6 Nbd7 12. e4 Nxb6 13. Bg5 h6 14. Be3 Nc4 15. Qc2 Rb8
16. Bc1 Qb6 17. Na4 Qb3 18. Qxb3 Rxb3 19. e5 Nd7 20. f4 Ba6 21. Rf3 Reb8 22.
Rxb3 Rxb3 23. Nec3 Bb5 24. Bf3 Bxa4 25. Bd1 Rxc3 26. Bxa4 Rd3 27. Bc2 Rxd4 28.
b3 Nd2 29. Kg2 Nc5 30. Bb2 Ncxb3 31. Bxd4 Nxa1 32. Bxa1 Bxa3 33. Kf2 Bb4 34. Ke2
Nc4 35. Kd3 Nb6 36. g4 c5 37. f5 c4+ 38. Ke2 a4 39. Bd4 a3 40. Bb1 Na4 41. Kd1
Bc3 42. fxe6 fxe6 43. Be3 Bxe5 44. Bc1 a2 45. Bxa2 Nc3+ {White resigns} 0-1 
aics%

[Event "Team 45 45 League T30"]
[Site "Internet Chess Club"]
[Date "2006.04.29"]
[Round "6"]
[White "JudokaUsa"]
[Black "Beetlejuice"]
[Result "1/2-1/2"]
[WhiteElo "1898"]
[BlackElo "1837"]
[TimeControl "2700+45"]

1. e4 e5 2. Nf3 Nf6 3. Nxe5 d6 4. Nf3 Nxe4 5. c4 Be7 6. Be2 Nc6 7. Nc3 Nxc3 8.
dxc3 O-O 9. O-O Re8 10. Nd4 Bd7 11. b3 Bf6 12. Bf3 Nxd4 13. cxd4 c6 14. Be3 Bf5
15. Qd2 Be4 16. Bxe4 Rxe4 17. f3 Re7 18. Rae1 d5 19. c5 Qd7 20. Bg5 Bxg5 21.
Qxg5 Rae8 22. Kf2 h6 23. Qf4 a6 24. a3 Re6 25. Qg4 Qe7 26. Rxe6 Qxe6 27. Qxe6
Rxe6 28. b4 Kh7 29. a4 Kg6 30. Rb1 h5 31. b5 axb5 32. axb5 Kf6 33. b6 Kf5 34.
Ra1 h4 35. Ra8 Re7 36. Rc8 g5 37. g3 hxg3+ 38. hxg3 Ke6 39. Rd8 f5 40. Rh8 Kf6
41. Rh6+ Kf7 42. Rh5 Kg6 43. Rh8 Kf6 44. Rc8 Ke6 45. g4 f4 46. Rd8 Kf6 47. Rf8+
Rf7 48. Rd8 Re7 49. Rh8 Kg7 50. Rc8 Kf7 51. Rc7 Kf6 {Game drawn by mutual
agreement} 1/2-1/2  aics%